 Dungeon Crawl Stone Soup version 0.30-a0-149-g7f746667c4 (webtiles) character file.

Game seed: 6464927426774141424

157316 Sobieck the Severer (level 16, -1/147 HPs)
             Began as a Palentonga Fighter on Sept 26, 2022.
             Was an Elder of Uskayaw.
             Slain by a merfolk
             ... wielding a +0 trident
              (13 damage)
             ... on level 1 of the Shoals.
             The game lasted 01:18:59 (32720 turns).

Sobieck the Severer (Palentonga Fighter)           Turns: 32720, Time: 01:19:00

Health: -1/147     AC: 52    Str: 34    XL:     16   Next: 84%
Magic:  27/27      EV:  9    Int:  6    God:    Uskayaw [****..]
Gold:   3050       SH:  0    Dex:  7    Spells: 15/15 levels left

rFire   + . .      SeeInvis +    a - +5 executioner's axe (protect) {axerare=g}
rCold   + + .      Faith    .    (shield currently unavailable)
rNeg    + . .      Spirit   .    P - +9 chain mail "Ynoott" {rElec rPois rC+ Dex-5}
rPois   +          Reflect  .    B - +2 hat
rElec   +          Harm     .    j - +2 cloak
rCorr   .          Rampage  +    r - +0 pair of gloves "Mocik" {Rampage Will+}
Will    +....                    h - +6 lightning scales {swift, rElec}
Stlth   ..........               O - amulet of Nomec {Acrobat Fly rF+ rN+ Will-}
HPRegen 0.34/turn                y - ring "Ityph" {rPois EV+4}
MPRegen 0.20/turn                u - ring "Suin" {+Blink rC+ Str+6 Int-2 SInv}

@: engulfed (cannot breathe), under a protective aura, flying, studying 2
skills, curled up, quick
A: large, rugged brown scales 3, see invisible, deformed body, roll 1, armoured
tail, reflexive curl
}: 1/15 runes: gossamer
a: Rolling Charge, Renounce Religion, Evoke Blink, Stomp, Line Pass


You were on level 1 of the Shoals.
You worshipped Uskayaw.
Uskayaw was pleased with you.
You visited 6 branches of the dungeon, and saw 28 of its levels.
You also visited: Trove and Gauntlet.

You collected 4452 gold pieces.
You spent 1402 gold pieces at shops.


Innate Abilities, Weirdness & Mutations

You are completely covered in rugged brown scales. (AC +3, +7% HP)
You have supernaturally acute eyesight. (SInv)
Armour fits poorly on your strangely shaped body.
You can roll at nearby foes to attack.
You have a long armoured tail.
You curl defensively after being hit. (AC +7*)


   Skills:
 + Level 16.0 Fighting
 + Level 20.0 Axes
 - Level 2.6 Ranged Weapons
 + Level 10.0 Armour
 - Level 2.6 Shields
 + Level 15.0 Invocations


You had 15 spell levels left.
You didn't know any spells.
Your spell library contained the following spells:

 Spells                   Type           Power      Damage    Failure   Level
 Apportation              Tloc           0%         N/A       86%         1
 Beastly Appendage        Tmut           0%         N/A       86%         1
 Necrotise                Necr           0%         1d4       86%         1
 Sting                    Tmut/Pois      0%         1d3       86%         1
 Summon Small Mammal      Summ           0%         N/A       86%         1
 Blink                    Tloc           0%         N/A       94%         2
 Cigotuvi's Dreadful Rot  Necr/Pois/Air  0%         N/A       94%         2
 Poisonous Vapours        Pois/Air       0%         N/A       94%         2
 Static Discharge         Conj/Air       0%         2-2/arc   94%         2
 Wereblood                Tmut           0%         N/A       94%         2
 Call Canine Familiar     Summ           0%         N/A       99%         3
 Dazzling Flash           Conj/Hex       0%         N/A       99%         3
 Ignite Poison            Fire/Tmut/Pois 0%         N/A       99%         3
 Kindle Blastsparks       Fire/Tloc/Air  0%         2d10      99%         3
 Mephitic Cloud           Conj/Pois/Air  0%         N/A       99%         3
 Portal Projectile        Hex/Tloc       0%         N/A       99%         3
 Spider Form              Tmut/Pois      0%         N/A       99%         3
 Stone Arrow              Conj/Erth      0%         3d7       99%         3
 Summon Guardian Golem    Hex/Summ       0%         N/A       99%         3
 Tukima's Dance           Hex            0%         N/A       99%         3
 Dispel Undead            Necr           0%         3d6       100%        4
 Fulminant Prism          Conj/Hex       0%         3d6       100%        4
 Iskenderun's Mystic Bla  Conj/Tloc      0%         2d3       100%        4
 Leda's Liquefaction      Hex/Erth       0%         N/A       100%        4
 Manifold Assault         Tloc           0%         N/A       100%        4
 Olgreb's Toxic Radiance  Pois           0%         N/A       100%        4
 Agony                    Necr           0%         N/A       100%        5
 Alistair's Intoxication  Tmut/Pois      0%         N/A       100%        5
 Arcjolt                  Conj/Air       0%         1d10      100%        5
 Blade Hands              Tmut           0%         N/A       100%        5
 Freezing Cloud           Conj/Ice/Air   0%         6-21      100%        5
 Lee's Rapid Deconstruct  Erth           0%         3d5*      100%        5
 Lightning Bolt           Conj/Air       0%         1d11      100%        5
 Silence                  Hex/Air        0%         N/A       100%        5
 Death Channel            Necr           0%         N/A       100%        6
 Statue Form              Tmut/Erth      0%         N/A       100%        6
 Storm Form               Tmut/Air       0%         N/A       100%        7
 Maxwell's Capacitive Co  Air            0%         ∞         100%        8
 Chain Lightning          Conj/Air       0%         N/A       100%        9

Inventory:

Hand Weapons
 a - a +5 executioner's axe of protection (weapon) {axerare=g}
   (You bought it in a shop on level 3 of the Dungeon)
Missiles
 J - 14 javelins {throwing}
 Z - 20 boomerangs {throwing}
Armour
 h - the +6 lightning scales (worn) {swift, rElec}
   (You acquired it on level 3 of the Dungeon)

   It allows the wearer to cover ground more swiftly.
   rElec:     It insulates you from electricity.
 j - a +2 cloak (worn)
   (You found it on level 1 of the Dungeon)
 r - the +0 pair of gloves "Mocik" (worn) {Rampage Will+}
   (You found it on level 4 of the Spider Nest)

   Rampage:   It bestows one free step when moving towards enemies.
   Will:      It increases your willpower.
 B - a +2 hat (worn)
   (You took it off Gastronok on level 8 of the Dungeon)
 P - the +9 chain mail "Ynoott" (worn) {rElec rPois rC+ Dex-5}
   (You found it on level 9 of the Dungeon)

   Dex:       It affects your dexterity (-5).
   rC:        It protects you from cold.
   rElec:     It insulates you from electricity.
   rPois:     It protects you from poison.
Jewellery
 s - the ring of the Voracious God {rElec rF+ Will- rCorr Dex+5}
   (You found it in a treasure trove)

   [ring of resist corrosion]

   Dex:       It affects your dexterity (+5).
   rF:        It protects you from fire.
   rElec:     It insulates you from electricity.
   rCorr:     It protects you from acid and corrosion.
   Will:      It decreases your willpower.
 u - the ring "Suin" (right hand) {+Blink rC+ Str+6 Int-2 SInv}
   (You found it in a treasure trove)

   [ring of strength]

   Str:       It affects your strength (+6).
   Int:       It affects your intelligence (-2).
   rC:        It protects you from cold.
   SInv:      It lets you see invisible.
   +Blink:    It lets you blink.
 v - the ring of Lirarraczo {*Slow rC++ Will+ Str+2 Slay+4}
   (You found it in a treasure trove)

   [ring of slaying]

   Str:       It affects your strength (+2).
   Slay:      It affects your accuracy & damage with ranged weapons and melee
   (+4).
   rC:        It greatly protects you from cold.
   *Slow:     It may slow you when you take damage.
   Will:      It increases your willpower.
 y - the ring "Ityph" (left hand) {rPois EV+4}
   (You took it off a minotaur in a Gauntlet)

   [ring of evasion]

   EV:        It affects your evasion (+4).
   rPois:     It protects you from poison.
 z - an amulet of faith {!P}
   (You found it in a treasure trove)
 C - the ring "Ciqifimm" {Wiz rC+}
   (You found it in a treasure trove)

   [ring of wizardry]

   It improves your spell success rate.
   rC:        It protects you from cold.
 E - the amulet of Laym {Reflect rF+ Dex+6 SH+5}
   (You found it on level 10 of the Dungeon)

   [amulet of reflection]

   It reflects blocked missile attacks.
   Dex:       It affects your dexterity (+6).
   rF:        It protects you from fire.
   SH:        It affects your SH (+5).
 O - the amulet of Nomec (around neck) {Acrobat Fly rF+ rN+ Will-}
   (You found it in a treasure trove)

   [amulet of the acrobat]

   It increases your evasion while moving and waiting.
   rF:        It protects you from fire.
   rN:        It protects you from negative energy.
   Fly:       It grants you flight.
   Will:      It decreases your willpower.
 R - the ring "Rimitisch" {rElec rN+ Will+}
   (You found it in a treasure trove)

   [ring of willpower]

   rElec:     It insulates you from electricity.
   rN:        It protects you from negative energy.
   Will:      It increases your willpower.
Wands
 g - a wand of polymorph (3)
   (You took it off Maurice on level 2 of the Orcish Mines)
 n - a wand of quicksilver (8)
   (You found it on level 4 of the Dungeon)
 p - a wand of digging (9)
   (You found it on level 6 of the Dungeon)
 F - a wand of flame (84)
   (You took it off Robin on level 3 of the Dungeon)
 N - a wand of roots (9)
   (You found it on level 11 of the Dungeon)
 W - a wand of mindburst (39)
   (You took it off an orc on level 6 of the Dungeon)
Scrolls
 w - a scroll of silence {!r}
 A - 3 scrolls of fear
 D - 9 scrolls of butterflies
 G - 6 scrolls of vulnerability {!r!r}
 H - a scroll of torment {!r}
 I - 4 scrolls of immolation {!r!r}
 K - a scroll of enchant armour
 L - 2 scrolls of magic mapping {!r}
 V - 3 scrolls of blinking {!r}
 X - 11 scrolls of identify {@r1}
 Y - 2 scrolls of poison
Potions
 b - 9 potions of ambrosia
 d - 4 potions of might
 e - 7 potions of attraction {!q}
 f - a potion of cancellation
 i - 5 potions of haste {@q3}
 k - 4 potions of resistance
 l - 3 potions of berserk rage {!q}
 m - 3 potions of lignification {!q}
 o - a potion of flight
 q - 8 potions of curing {@q1}
 t - 3 potions of mutation {!q}
 M - 6 potions of brilliance
 Q - a potion of invisibility
Miscellaneous
 c - a box of beasts
   (You found it on level 5 of the Lair of Beasts)
 S - a condenser vane
   (You found it on level 9 of the Dungeon)
 T - a lightning rod (4/4)
   (You found it on level 4 of the Spider Nest)
 U - a phantom mirror
   (You found it on level 3 of the Spider Nest)

Dungeon Overview and Level Annotations

Branches:
Dungeon (15/15) Zot: 24583  Temple (1/1) D:5 Zot: 5962    Lair (5/5) D:8 Zot: 23888
 Shoals (1/4) Lair:3 Zot: 5925  Spider (4/4) Lair:2 Zot: 18956   Slime (0/5) Lair:4
    Orc (2/2) D:11 Zot: 9692     Elf (0/3) Orc:2        Vaults (0/5) D:13
 Depths (0/4) D:15        Gauntlet (visited)

Altars:
Ashenzari
Cheibriados
Dithmenos
Elyvilon
Fedhas
Gozag
Hepliaklqana
Kikubaaqudgha
Makhleb
Nemelex Xobeh
Okawaru
Qazlal
Ru
Sif Muna
Trog
Uskayaw
Vehumet
Wu Jian
Xom
Yredelemnul
Zin
The Shining One
Jiyva

Shops:
D:3 ?[(   D:11 ((*   D:14 (   Orc:2 :([**

Annotations:
D:5 1 runed translucent door, passwall vault, Chaicat's ghost, novice MiFi
Temple 2 transporters

~~P.PP##.P........~~
.~~P.P.#P.......~~~~≈
..~~~P....P..P.~~~~≈≈≈
.~..~~..P......P~~≈≈≈≈≈≈
~.........~~~~~~~≈≈≈≈≈≈≈
~.~~.....~~~~.~~~≈≈≈≈≈≈≈
~~~~..EE>..~~P~~≈≈≈≈≈≈≈≈
#@~..~~~~~≈≈≈≈≈≈≈≈
#~~).P.P..P~~~~~≈≈≈
....mm~P..PP...~~~~~≈≈
~~P....PP.PP#...~~~~~≈≈
~~.....PP...###.~~~~~~≈≈
.......P....###...~~~~~~
......[PP#PPP#P..##..~~~
..###....#....^.###....~
...P.~P..P# ##..~~


You could see 2 merfolk and 2 water elementals.


Message History

You can now pass through a line of other dancers.
Unknown command.
You closely miss the water nymph. You slice the water elemental!!
You destroy the water elemental!
You gasp with relief as air once again reaches your lungs.
You slash the merfolk!
A nearby plant withers and dies.
The merfolk hits you but does no damage.
The water nymph touches you! The water nymph drowns you!
* * * LOW HITPOINT WARNING * * *
The merfolk hits you with a +0 trident.
* * * LOW HITPOINT WARNING * * *
A water elemental comes into view.
Unknown command.
You completely miss the water nymph.
Your tail-slap misses the water nymph.
You slash the merfolk aquamancer! You hit the merfolk.
The merfolk hits you but does no damage.
The merfolk closely misses you.
The merfolk aquamancer hits you but does no damage.
The water nymph touches you. The water nymph drowns you!
* * * LOW HITPOINT WARNING * * *
A water elemental comes into view.
The merfolk barely misses you.
Unknown command.
You hit the water nymph. You hit the merfolk but do no damage.
You closely miss the merfolk aquamancer.
The merfolk hits you but does no damage. x2
The merfolk aquamancer hits you but does no damage.
The water nymph casts a spell at you. The water rises up and strikes you.
Unknown command.
You closely miss the water nymph. You hit the merfolk.
You slash the merfolk aquamancer! The merfolk barely misses you.
The merfolk aquamancer points at you and mumbles some strange words.
The torrent of water hits you!
* * * LOW HITPOINT WARNING * * *
You are knocked back by the torrent of water.
You collide with the merfolk!
The merfolk dies!
You hear a splash.
* * * LOW HITPOINT WARNING * * *
The wave splashes down.
The merfolk hits you but does no damage.
The merfolk barely misses you. The water nymph touches you.
The water nymph drowns you!
* * * LOW HITPOINT WARNING * * *
You hear a shout!
You hear an angry hiss. x2
Uskayaw will force your foes to helplessly watch your dance.
Uskayaw prepares the audience for your solo!
Unknown command.
The helpless water nymph fails to defend itself.
You cut the water nymph into ribbons!!!
You kill the water nymph!
The helpless merfolk aquamancer fails to defend itself.
You slice the merfolk aquamancer!!
Uskayaw will force your foes to share their pain.
Uskayaw links your audience in an emotional bond!
Unknown command.
The helpless merfolk aquamancer fails to defend itself.
You slash the merfolk aquamancer!
You kill the merfolk aquamancer!
You hear a splash. x2
The water elemental hits you!
* * * LOW HITPOINT WARNING * * *
The water elemental engulfs you in water!
You cannot read scrolls while unable to breathe!
Unknown command.
Unknown command.
You feel much better.
* * * LOW HITPOINT WARNING * * *
Your lungs strain for air!
The merfolk is no longer paralysed. x2
The merfolk hits you from afar with a +0 trident.
* * * LOW HITPOINT WARNING * * *
The merfolk hits you but does no damage.
The water elemental hits you.
You feel much better.
* * * LOW HITPOINT WARNING * * *
Your lungs strain for air!
The water elemental is no longer paralysed.
The merfolk hits you from afar with a +0 trident!
* * * LOW HITPOINT WARNING * * *
The merfolk barely misses you. The water elemental hits you.
The water elemental barely misses you.
Unknown command.
You slice the water elemental!! You slash the water elemental!
* * * LOW HITPOINT WARNING * * *
Your lungs strain for air!
The merfolk throws a boomerang.
The boomerang hits you but does no damage.
The merfolk closely misses you.
Unknown command.
Unknown command.
You barely miss the water elemental.
Your tail-slap misses the water elemental.
You barely miss the water elemental.
* * * LOW HITPOINT WARNING * * *
Your lungs strain for air!
The water elemental barely misses you. The water elemental closely misses you.
The merfolk hits you from afar with a +0 trident!
You die...

Skill      XL: |  1  2  3  4  5  6  7  8  9 10 11 12 13 14 15 16 |
---------------+-------------------------------------------------+-----
Axes           | 3 4 5 6 7 9 10 11 12 14 16 17 19 20 | 20.0
Ranged Weapons | 2 |  2.6
Invocations    | 4 7 10 11 13 14 15 | 15.0
Fighting       | 4 6 7 10 11 12 13 16 | 16.0
Armour         | 3 5 7 8 10 | 10.0
Shields        | |  2.6

Action                   |  1- 3 |  4- 6 |  7- 9 | 10-12 | 13-15 | 16-18 || total
-------------------------+-------+-------+-------+-------+-------+-------++-------
Melee: War axe           |   124 |    90 |   305 |    62 |       |       ||   581
       Tailslap          |    15 |     9 |    45 |    73 |   157 |    43 ||   342
       Executioner's axe |       |       |       |   424 |   758 |   255 ||  1437
       Flail             |       |       |       |    13 |       |       ||    13
Throw: Dart              |       |       |     3 |       |       |       ||     3
Invok: Line Pass         |       |       |     1 |     2 |     2 |       ||     5
       Grand Finale      |       |       |       |       |     2 |       ||     2
       Stomp             |       |       |       |       |     1 |       ||     1
 Abil: Rolling Charge    |    27 |    19 |    49 |    74 |    84 |    44 ||   297
Evoke: Wand              |       |       |       |       |     2 |       ||     2
  Use: Scroll            |       |     7 |    12 |    11 |     8 |     6 ||    44
       Potion            |       |       |     2 |       |     9 |     4 ||    15
 Stab: Paralysed         |       |       |    23 |    52 |   113 |    49 ||   237
       Confused          |       |       |     1 |       |     1 |       ||     2
Armor: Scale mail        |    55 |    45 |   257 |    87 |       |       ||   444
       Troll leather arm |       |       |       |    16 |       |       ||    16
       Chain mail        |       |       |       |   330 |   912 |   222 ||  1464
Dodge: Dodged            |    38 |    18 |    80 |   106 |   234 |    93 ||   569
Block: Buckler           |    22 |    17 |    39 |    15 |       |       ||    93
       Other             |       |       |       |    76 |   202 |    47 ||   325
       Reflection        |       |       |       |       |     6 |     1 ||     7

Levels and vault maps discovered:
D:1:      dpeg_arrival_tiny_i, layout_basic, basic_ecumenical_altar,
          minmay_strange_pillars, roderic_filled_cross, minmay_misc_feat_cross
D:2:      layout_basic, serial_bayou, serial_bayou_lagoon_b,
          serial_bayou_crossing, serial_bayou_ford_a, serial_bayou_pond_d,
          grunt_ministairs_5
D:3:      layout_loops_ring, fiery_altar_vehumet, serial_shops,
          nicolae_shop_bloodbath_and_beyond, shop, nicolae_lakefront_shop,
          minmay_shallow_snake_nest, uniq_robin, uniq_terence, uniq_natasha
D:4:      layout_gridville, kennysheep_potato
D:5:      layout_cave_pools, minmay_temple_entry_proselytizer,
          serial_co_window_serial, co_window_paths_a,
          co_window_of_opportunity_a, co_window_paths_a, co_window_corner_a,
          co_window_corner_a, co_window_paths_c, co_window_broadway_b,
          co_window_corner_b, co_window_paths_c, co_window_corner_ca,
          glass_columns_b, gammafunk_ghost_grave, grunt_ministairs_10,
          due_unseen_surprise
D:6:      layout_layer_cave, trog_ov_bears_minmay,
          hangedman_abyss_or_decor_lesser_grid, amethyst_killhole,
          kennysheep_generic_room_16, uniq_blork_the_orc, uniq_edmund
D:7:      layout_cave_pools
D:8:      minmay_evil_eye, layout_rooms, nemelex_diamond_rough_becter,
          erik_lair_island, grunt_ministairs_3, minmay_joined_circles,
          uniq_grum, uniq_gastronok, uniq_pikel
D:9:      lemuel_slime, layout_cave_pods
D:10:     layout_roguey, grunt_temple_overflow_growth_and_decay, nrook_campfire,
          kennysheep_generic_room_5
D:11:     layout_irregular_city, david_orc_1_choice, serial_shops, shop,
          nicolae_stop_n_shop_1, shop, hangedman_abyss_or_decor_passed
D:12:     layout_roguey, gauntlet_entry_generic,
          nicolae_trove_entry_path_of_doom, ashenzari_altar_1
D:13:     layout_rooms, david_vaults_5
D:14:     layout_loops_ring, serial_shops, kennysheep_little_box
D:15:     hangedman_depths_entry_civil_slaughter, layout_long_grid,
          nicolae_benzene_ring
Temple:   hellmonk_temple_divided_pantheon
Lair:1:   layout_cellular_growth, serial_bayou_pond_a,
          chequers_serial_rivers_small_3, st_stairs_7, bh_autumn_forest_stairs,
          serial_bayou_shore_a
Lair:2:   layout_regular_city, hellmonk_spider_entry_not_the_bees, st_stairs_13,
          hibernation_bobbens
Lair:3:   layout_regular_city, minmay_shoals_entry_lonely_mermaid,
          enter_volcano_4
Lair:4:   layout_cave_pods, dpeg_slime_entry_corner, lemuel_fruit_tree
Lair:5:   grunt_lair_end_beastmaster, layout_cave_shapes, serial_bayou_lagoon_a,
          grunt_megastairs_3, infiniplex_staircase_pool_2
Shoals:1: layout_shoals, nicolae_shoals_stone_sculpture_thing
Spider:1: layout_chambers
Spider:2: layout_spider_delve
Spider:3: layout_cave_pods
Spider:4: spider_rune_water
Orc:1:    layout_caves
Orc:2:    grunt_orc_cross, layout_caves, serial_shops, shop, uniq_rupert,
          uniq_maurice

Notes
Turn   | Place    | Note
-------+----------+-------------------------------------------
     0 | D:1      | Sobieck the Palentonga Fighter began the quest for the Orb.
     0 | D:1      | Reached XP level 1. HP: 19/19 MP: 1/1
   156 | D:1      | Reached XP level 2. HP: 22/25 MP: 2/2
   274 | D:1      | Found a faded altar of an unknown god.
   287 | D:1      | Reached skill level 3 in Axes
   548 | D:1      | Reached XP level 3. HP: 30/31 MP: 3/3
  1057 | D:2      | Reached skill level 4 in Axes
  1748 | D:3      | Found Enul's Antique Armour Shoppe.
  1749 | D:3      | Found Gitor's Weapon Shop.
  1799 | D:3      | Noticed Terence
  1805 | D:3      | Killed Terence
  1806 | D:3      | Reached XP level 4. HP: 37/37 MP: 4/4
  1873 | D:3      | Noticed Natasha
  1968 | D:3      | Killed Natasha
  1969 | D:3      | Reached skill level 5 in Axes
  2061 | D:3      | Noticed Natasha
  2062 | D:3      | Killed Natasha
  2063 | D:3      | Reached XP level 5. HP: 35/43 MP: 5/5
  2131 | D:3      | Found a radiant altar of Vehumet.
  2407 | D:3      | Noticed Natasha
  2413 | D:3      | Killed Natasha
  2432 | D:3      | Found Fufyse's Magic Scroll Boutique.
  2441 | D:3      | Bought a scroll of identify for 24 gold pieces
  2575 | D:3      | Bought a scroll of magic mapping for 90 gold pieces
  2661 | D:3      | Noticed Robin
  2675 | D:3      | HP: 6/43 [Robin/+0 mace (5)]
  2677 | D:3      | Killed Robin
  2678 | D:3      | Reached skill level 6 in Axes
  3121 | D:3      | Identified a scroll of acquirement
  3121 | D:3      | Acquired the +6 lightning scales {swift, rElec}
  3121 | D:3      | Found the +6 lightning scales {swift, rElec}
  3301 | D:4      | Noticed an ogre
  3361 | D:4      | Reached skill level 1 in Ranged Weapons
  3376 | D:4      | Reached skill level 2 in Ranged Weapons
  3376 | D:4      | Reached XP level 6. HP: 44/50 MP: 6/6
  3469 | D:4      | Noticed an ice beast
  3474 | D:4      | Killed an ice beast
  3491 | D:4      | HP: 11/50 [ogre/+0 giant spiked club (19)]
  3493 | D:4      | Reached skill level 7 in Axes
  3493 | D:4      | Gained mutation: You curl defensively after being hit. (AC
                  | +7*) [Palentonga growth]
  3493 | D:4      | Reached XP level 7. HP: 11/55 MP: 7/7
  4144 | D:4      | Reached skill level 8 in Axes
  4768 | D:5      | Entered Level 5 of the Dungeon
  4818 | D:5      | Found a runed translucent door.
  4818 | D:5      | Noticed Chaicat's ghost (novice MiFi)
  4871 | D:5      | Reached skill level 9 in Axes
  4879 | D:5      | Reached XP level 8. HP: 62/62 MP: 8/8
  5276 | D:5      | You pick up a book of Weapons and begin reading...
  5276 | D:5      | You add the spells Tukima's Dance, Portal Projectile and
                  | Blade Hands to your library.
  5439 | D:5      | Found a staircase to the Ecumenical Temple.
  5452 | Temple   | Entered the Ecumenical Temple
  5452 | Temple   | Found a transporter.
  5452 | Temple   | Found a transporter.
  5454 | Temple   | Found a transporter.
  5454 | Temple   | Found a transporter.
  5474 | Temple   | Became a worshipper of Uskayaw the Reveller
  5690 | D:6      | Noticed Edmund
  5690 | D:6      | Found a bloodstained altar of Trog.
  5724 | D:6      | Reached * piety under Uskayaw
  5802 | D:6      | Reached ** piety under Uskayaw
  5805 | D:6      | Reached skill level 10 in Axes
  5978 | D:6      | Reached skill level 1 in Invocations
  5983 | D:6      | Reached *** piety under Uskayaw
  5989 | D:6      | Reached **** piety under Uskayaw
  6004 | D:6      | Reached skill level 2 in Invocations
  6007 | D:6      | Reached ***** piety under Uskayaw
  6224 | D:6      | Reached skill level 3 in Invocations
  6329 | D:6      | Reached skill level 4 in Fighting
  6484 | D:6      | Reached skill level 4 in Invocations
  6565 | D:6      | Reached XP level 9. HP: 57/70 MP: 12/12
  6769 | D:6      | Killed Edmund
  6770 | D:6      | Reached skill level 5 in Invocations
  6826 | D:6      | Noticed Blork the orc
  6834 | D:6      | Killed Blork the orc
  7630 | D:7      | Reached skill level 5 in Fighting
  7654 | D:7      | Reached skill level 6 in Invocations
  7658 | D:7      | You pick up a book of Lightning and begin reading...
  7658 | D:7      | You add the spells Static Discharge, Lightning Bolt,
                  | Arcjolt and Maxwell's Capacitive Coupling to your library.
  7862 | D:7      | Noticed a manticore
  8034 | D:7      | Killed a manticore
  8035 | D:7      | Reached skill level 11 in Axes
  8035 | D:7      | Reached skill level 7 in Invocations
  8365 | D:8      | Reached skill level 6 in Fighting
  8488 | D:8      | Noticed a red ugly thing
  8866 | D:8      | Reached XP level 10. HP: 75/81 MP: 15/15
  8874 | D:8      | You pick up a book of Party Tricks and begin reading...
  8874 | D:8      | You add the spells Apportation and Alistair's Intoxication
                  | to your library.
  8964 | D:8      | Reached skill level 8 in Invocations
  8985 | D:8      | Noticed Grum
  9010 | D:8      | Killed Grum
  9101 | D:8      | HP: 19/82 [poisoned by an orc warrior]
  9106 | D:8      | HP: 15/82 [poisoned by an orc warrior]
  9452 | D:8      | Reached skill level 9 in Invocations
  9510 | D:8      | Identified the +7 flail "Worump" {elec, rF++ Str+2}
  9626 | D:7      | Killed a red ugly thing
  9770 | D:3      | Bought a +2 executioner's axe of electrocution for 370 gold
                  | pieces
  9771 | D:3      | B - a +2 executioner's axe of electrocution {axerare=g}
 10136 | D:8      | B - a +2 executioner's axe of electrocution (weapon)
                  | {axerare=g}
 10137 | D:8      | B - a +2 executioner's axe of electrocution (weapon)
                  | {axerare=g}
 10137 | D:8      | a - a +2 executioner's axe of electrocution (weapon)
                  | {axerare=g}
 10137 | D:8      | your +2 executioner's axe of electrocution {axerare=g}
                  | stops crackling.
 10138 | D:8      | a - a +2 executioner's axe of electrocution (weapon)
                  | {axerare=g}
 10148 | D:8      | Noticed Gastronok
 10154 | D:8      | Reached skill level 7 in Fighting
 10164 | D:8      | Killed Gastronok
 10165 | D:8      | Reached skill level 12 in Axes
 10165 | D:8      | Reached skill level 10 in Invocations
 10360 | D:8      | Noticed Pikel
 10490 | D:8      | Killed Pikel
 10491 | D:8      | Reached XP level 11. HP: 92/92 MP: 18/18
 10550 | D:8      | Found a staircase to the Lair.
 10652 | D:8      | You pick up a book of the Earth and begin reading...
 10652 | D:8      | You add the spells Leda's Liquefaction, Lee's Rapid
                  | Deconstruction and Statue Form to your library.
 10678 | D:8      | Found a sparkling altar of Nemelex Xobeh.
 10920 | D:9      | Reached skill level 8 in Fighting
 11025 | D:9      | You pick up a book of the Senses and begin reading...
 11025 | D:9      | You add the spells Dazzling Flash, Agony and Silence to
                  | your library.
 11083 | D:9      | Noticed a two-headed ogre
 11090 | D:9      | Killed a two-headed ogre
 11225 | D:9      | Identified the +9 chain mail "Ynoott" {rElec rPois rC+
                  | Dex-5}
 11742 | D:10     | Entered Level 10 of the Dungeon
 11760 | D:10     | Reached skill level 13 in Axes
 11891 | D:10     | Found an ancient bone altar of Kikubaaqudgha.
 11894 | D:10     | Found a blossoming altar of Fedhas.
 12002 | D:10     | Reached skill level 9 in Fighting
 12002 | D:10     | Your damage rating with your +2 executioner's axe of
                  | electrocution {axerare=g} is about 37 (Base 18 x 137% (Str)
                  | x 144% (Skill) + 2 (Ench)) + Elec.
 12329 | D:10     | Identified the amulet of Laym {Reflect rF+ Dex+6 SH+5}
 12621 | D:11     | Found Lyelou's Assorted Antiques.
 12627 | D:11     | Bought a scroll labelled TUINTO REAWN for 29 gold pieces
 12627 | D:11     | Bought a scroll of identify for 58 gold pieces
 12724 | D:11     | Noticed a purple ugly thing
 12731 | D:11     | Killed a purple ugly thing
 12806 | D:11     | Noticed a two-headed ogre
 12819 | D:11     | Killed a two-headed ogre
 12883 | D:11     | Found Mowepall's Weapon Boutique.
 13010 | D:11     | Identified the +2 scale mail of Experimentation {Harm rN+
                  | Will+}
 13041 | D:11     | Noticed a purple ugly thing
 13048 | D:11     | Killed a purple ugly thing
 13191 | D:11     | Found a staircase to the Orcish Mines.
 13247 | D:11     | Reached skill level 10 in Fighting
 13299 | D:11     | your +2 executioner's axe of electrocution {axerare=g}
                  | projects an invisible shield of force!
 13299 | D:11     | a - a +2 executioner's axe of protection (weapon)
                  | {axerare=g}
 13324 | D:11     | Identified the +0 ring mail "Gownotij" {rPois rF- rN++
                  | Stlth+}
 13336 | D:11     | Found Sonkuzich's Antique Weapon Boutique.
 13662 | Orc:1    | Entered Level 1 of the Orcish Mines
 13720 | Orc:1    | Reached skill level 14 in Axes
 13923 | Orc:2    | Entered Level 2 of the Orcish Mines
 13924 | Orc:2    | Noticed an orc knight
 13942 | Orc:2    | Killed an orc knight
 14089 | Orc:2    | Your damage rating with your +2 executioner's axe of
                  | protection {axerare=g} is about 39 (Base 18 x 137% (Str) x
                  | 149% (Skill) + 2 (Ench)).
 14466 | D:3      | Bought a scroll of acquirement for 624 gold pieces
 14466 | D:3      | Your damage rating with your +2 executioner's axe of
                  | protection {axerare=g} is about 39 (Base 18 x 137% (Str) x
                  | 150% (Skill) + 2 (Ench)).
 14466 | D:3      | Acquired 956 gold pieces
 14616 | Lair:1   | Entered Level 1 of the Lair of Beasts
 14668 | Lair:1   | Reached XP level 12. HP: 103/103 MP: 19/19
 14898 | Lair:1   | Reached skill level 15 in Axes
 14898 | Lair:1   | Your damage rating with your +2 executioner's axe of
                  | protection {axerare=g} is about 40 (Base 18 x 140% (Str) x
                  | 151% (Skill) + 2 (Ench)).
 15980 | Lair:2   | You add the spells Stone Arrow, Spider Form and Chain
                  | Lightning to your library.
 15980 | Lair:2   | Got the Quarto of Remoulded Concussion
 16020 | Lair:2   | Found a hole to the Spider Nest.
 17018 | Lair:2   | Reached skill level 16 in Axes
 17091 | Lair:2   | You pick up a book of Weapons and begin reading...
 17250 | Lair:3   | You pick up a book of Blasting and begin reading...
 17250 | Lair:3   | You add the spells Kindle Blastsparks, Fulminant Prism and
                  | Iskenderun's Mystic Blast to your library.
 17271 | Lair:3   | Noticed a four-headed hydra
 17280 | Lair:3   | Killed a 12-headed hydra
 17281 | Lair:3   | Reached skill level 3 in Armour
 17434 | Lair:3   | Noticed a death yak
 17434 | Lair:3   | Noticed a death yak
 17435 | Lair:3   | Noticed a death yak
 17437 | Lair:3   | Noticed a death yak
 17439 | Lair:3   | Killed a death yak
 17439 | Lair:3   | Noticed a death yak
 17441 | Lair:3   | Killed a death yak
 17441 | Lair:3   | Killed a death yak
 17442 | Lair:3   | Killed a death yak
 17445 | Lair:3   | Killed a death yak
 17924 | Lair:3   | Found a staircase to the Shoals.
 18227 | Lair:4   | Found a viscous altar of Jiyva.
 18234 | Lair:4   | Found a staircase to the Slime Pits.
 18302 | Lair:4   | You pick up a book of Decay and begin reading...
 18302 | Lair:4   | You add the spells Cigotuvi's Dreadful Rot, Dispel Undead
                  | and Death Channel to your library.
 18784 | Lair:4   | Reached XP level 13. HP: 103/111 MP: 19/21
 18793 | Lair:4   | Your damage rating with your +2 executioner's axe of
                  | protection {axerare=g} is about 41 (Base 18 x 140% (Str) x
                  | 156% (Skill) + 2 (Ench)).
 19226 | Lair:5   | Entered Level 5 of the Lair of Beasts
 19253 | Lair:5   | Reached skill level 4 in Armour
 19282 | Lair:5   | Reached skill level 11 in Invocations
 19284 | Lair:5   | Reached skill level 17 in Axes
 19288 | Lair:5   | Reached ****** piety under Uskayaw
 19291 | Lair:5   | Reached skill level 11 in Fighting
 19939 | Lair:5   | Your damage rating with your +2 executioner's axe of
                  | protection {axerare=g} is about 42 (Base 18 x 140% (Str) x
                  | 159% (Skill) + 2 (Ench)).
 19965 | Lair:5   | Reached skill level 5 in Armour
 20071 | Lair:5   | You pick up a book of Cantrips and begin reading...
 20071 | Lair:5   | You add the spells Necrotise and Summon Small Mammal to
                  | your library.
 21008 | D:12     | Reached XP level 14. HP: 105/120 MP: 22/22
 21028 | D:12     | Found a portal to a secret trove of treasure.
 21067 | D:12     | This trove needs 14 scrolls of teleportation to function.
                  | Give it the items?
 21086 | D:12     | Found a broken altar of Ashenzari.
 21122 | D:12     | Found a gate leading to a gauntlet.
 21131 | Gauntlet | Entered a Gauntlet
 21131 | Gauntlet | Found a transporter.
 21132 | Gauntlet | Found a runed translucent door.
 21134 | Gauntlet | Found a transporter.
 21136 | Gauntlet | Found a transporter.
 21138 | Gauntlet | Found a transporter.
 21140 | Gauntlet | Found a transporter.
 21140 | Gauntlet | Found a runed translucent door.
 21142 | Gauntlet | Found a large runed translucent door.
 21142 | Gauntlet | Found a large runed translucent door.
 21143 | Gauntlet | Found a large runed translucent door.
 21143 | Gauntlet | Found a large runed translucent door.
 21144 | Gauntlet | Found a large runed translucent door.
 21144 | Gauntlet | Found a large runed translucent door.
 21144 | Gauntlet | Found a runed translucent door.
 21144 | Gauntlet | Found a runed translucent door.
 21145 | Gauntlet | Found a large runed translucent door.
 21145 | Gauntlet | Found a large runed translucent door.
 21145 | Gauntlet | Found a large runed translucent door.
 21146 | Gauntlet | Found a large runed translucent door.
 21146 | Gauntlet | Found a large runed translucent door.
 21147 | Gauntlet | Found a large runed translucent door.
 21147 | Gauntlet | Found a large runed translucent door.
 21147 | Gauntlet | Found a transporter.
 21148 | Gauntlet | Found a runed translucent gate.
 21148 | Gauntlet | Found a runed translucent gate.
 21149 | Gauntlet | Found a transporter.
 21160 | Gauntlet | Found a transporter.
 21161 | Gauntlet | Found a runed translucent gate.
 21164 | Gauntlet | Found a large runed translucent door.
 21165 | Gauntlet | Found a large runed translucent door.
 21174 | Gauntlet | Found a large runed translucent door.
 21221 | Gauntlet | Found a transporter.
 21223 | Gauntlet | Found a transporter.
 21227 | Gauntlet | Found a transporter.
 21238 | Gauntlet | Found a transporter.
 21371 | Gauntlet | Reached skill level 18 in Axes
 21371 | Gauntlet | Reached skill level 12 in Invocations
 21472 | Gauntlet | Identified the ring "Ityph" {rPois EV+4}
 22076 | D:12     | Reached skill level 6 in Armour
 22309 | D:13     | Reached skill level 12 in Fighting
 22341 | D:13     | You fall into a shaft and drop 2 floors!
 22341 | D:15     | Entered Level 15 of the Dungeon
 22377 | D:15     | You add the spells Sting, Poisonous Vapours and Olgreb's
                  | Toxic Radiance to your library.
 22613 | D:15     | Your damage rating with your +2 executioner's axe of
                  | protection {axerare=g} is about 43 (Base 18 x 140% (Str) x
                  | 163% (Skill) + 2 (Ench)).
 22874 | D:14     | You pick up a book of Callings and begin reading...
 22874 | D:14     | You add the spells Call Canine Familiar and Summon Guardian
                  | Golem to your library.
 22952 | D:13     | Found a gate to the Vaults.
 23281 | D:13     | You pick up a book of the Senses and begin reading...
 23650 | D:14     | Found Riopoipp's Weapon Boutique.
 23706 | D:14     | Identified the +5 mace of Armageddon {vorpal, rC- rN++
                  | Int+4}
 24194 | D:15     | Reached skill level 7 in Armour
 24196 | D:15     | Reached skill level 19 in Axes
 24196 | D:15     | Reached skill level 13 in Invocations
 24278 | D:15     | Found a staircase to the Depths.
 24346 | D:15     | Reached XP level 15. HP: 107/130 MP: 24/24
 24351 | D:15     | Your damage rating with your +2 executioner's axe of
                  | protection {axerare=g} is about 45 (Base 18 x 145% (Str) x
                  | 167% (Skill) + 2 (Ench)).
 24564 | D:15     | Identified the +8 halberd "Juyr" {drain, Will+ Str+2 Int-3}
 24973 | Orc:2    | Found Fiegeez's Assorted Antiques.
 24988 | Orc:2    | Bought a scroll of teleportation for 84 gold pieces
 24988 | Orc:2    | Bought a scroll of teleportation for 84 gold pieces
 25000 | Orc:2    | Noticed Rupert
 25012 | Orc:2    | Paralysed by Rupert for 2 turns
 25025 | Orc:2    | HP: 32/130 [Rupert/+1 vorpal great sword (17)]
 25030 | Orc:2    | Killed Rupert
 25403 | Orc:2    | Your damage rating with your +2 executioner's axe of
                  | protection {axerare=g} is about 46 (Base 18 x 145% (Str) x
                  | 167% (Skill) + 2 (Ench)).
 25755 | Orc:2    | Reached skill level 13 in Fighting
 25761 | Orc:2    | Found Aweefaef's Antique Armour Shoppe.
 25996 | Orc:2    | Your damage rating with your +2 executioner's axe of
                  | protection {axerare=g} is about 46 (Base 18 x 145% (Str) x
                  | 169% (Skill) + 2 (Ench)).
 26054 | Orc:2    | Found a staircase to the Elven Halls.
 26064 | Orc:2    | Noticed Maurice
 26066 | Orc:2    | your +2 executioner's axe of protection {axerare=g} melds
                  | into your body.
 26066 | Orc:2    | your +2 executioner's axe of protection {axerare=g} goes
                  | still.
 26068 | Orc:2    | your +2 executioner's axe of protection {axerare=g} unmelds
                  | from your body.
 26068 | Orc:2    | your +2 executioner's axe of protection {axerare=g} hums
                  | with potential!
 26071 | Orc:2    | Killed Maurice
 26149 | Orc:2    | Found Haklumn's General Store.
 26170 | Orc:2    | Bought a scroll of teleportation for 39 gold pieces
 26520 | D:12     | This trove needs 14 scrolls of teleportation to function.
                  | Give it the items?
 26520 | D:12     | You paid a toll of 14 scrolls of teleportation to enter a
                  | treasure trove
 26521 | Trove    | Entered a treasure trove
 26531 | Trove    | Identified the ring "Comuusuf" {Int+2 Dex+3 Slay+4}
 26533 | Trove    | Identified the ring of the Voracious God {rElec rF+ Will-
                  | rCorr Dex+5}
 26535 | Trove    | Identified the ring of Lirarraczo {*Slow rC++ Will+ Str+2
                  | Slay+4}
 26540 | Trove    | Identified the ring "Ciqifimm" {Wiz rC+}
 26546 | Trove    | Identified the amulet of Nomec {Acrobat Fly rF+ rN+ Will-}
 26550 | Trove    | Identified the ring "Rimitisch" {rElec rN+ Will+}
 26558 | Trove    | Identified the ring "Suin" {+Blink rC+ Str+6 Int-2 SInv}
 26595 | D:12     | Your damage rating with your +2 executioner's axe of
                  | protection {axerare=g} is about 50 (Base 18 x 145% (Str) x
                  | 169% (Skill) + 6 (Ench + Slay)).
 26836 | Orc:2    | Found Pokes's Antique Weapon Shoppe.
 26894 | Orc:2    | Found Viva's Book Shoppe.
 27212 | Spider:1 | Entered Level 1 of the Spider Nest
 28475 | Spider:1 | Reached skill level 8 in Armour
 29101 | Spider:2 | Reached skill level 20 in Axes
 29112 | Spider:2 | Reached skill level 14 in Invocations
 29320 | Spider:2 | Noticed an emperor scorpion
 29327 | Spider:2 | HP: 30/132 [barbs]
 29329 | Spider:1 | HP: 12/132 [barbs]
 29343 | Spider:1 | Killed an emperor scorpion
 29784 | Spider:2 | Reached XP level 16. HP: 138/141 MP: 26/26
 29817 | Spider:2 | your +2 executioner's axe of protection {axerare=g} glows
                  | red for a moment.
 29850 | Spider:2 | You pick up a book of the Senses and begin reading...
 29951 | Spider:2 | Reached skill level 14 in Fighting
 30066 | Spider:2 | You pick up a book of Changes and begin reading...
 30066 | Spider:2 | You add the spells Beastly Appendage and Wereblood to your
                  | library.
 30070 | Spider:2 | You add the spells Ignite Poison, Mephitic Cloud and
                  | Freezing Cloud to your library.
 30212 | Spider:3 | Your damage rating with your +3 executioner's axe of
                  | protection {axerare=g} is about 52 (Base 18 x 145% (Str) x
                  | 172% (Skill) + 7 (Ench + Slay)).
 30240 | Spider:2 | Reached skill level 9 in Armour
 30517 | Spider:3 | your +3 executioner's axe of protection {axerare=g} glows
                  | red for a moment.
 30518 | Spider:3 | Your damage rating with your +4 executioner's axe of
                  | protection {axerare=g} is about 53 (Base 18 x 145% (Str) x
                  | 173% (Skill) + 8 (Ench + Slay)).
 30692 | Spider:3 | Acquired 674 gold pieces
 30765 | Spider:3 | Reached skill level 15 in Invocations
 31225 | Spider:4 | Entered Level 4 of the Spider Nest
 31254 | Spider:4 | your +4 executioner's axe of protection {axerare=g} glows
                  | red for a moment.
 31553 | Spider:4 | Your damage rating with your +5 executioner's axe of
                  | protection {axerare=g} is about 54 (Base 18 x 145% (Str) x
                  | 174% (Skill) + 9 (Ench + Slay)).
 31555 | Spider:4 | Your damage rating with your +5 executioner's axe of
                  | protection {axerare=g} is about 55 (Base 18 x 160% (Str) x
                  | 174% (Skill) + 5 (Ench)).
 31643 | Spider:4 | You add the spells Blink, Manifold Assault and Storm Form
                  | to your library.
 31660 | Spider:4 | Reached skill level 10 in Armour
 31743 | Spider:4 | Reached skill level 15 in Fighting
 31985 | Spider:4 | Reached skill level 16 in Fighting
 32227 | Spider:4 | Identified the +0 pair of gloves "Mocik" {Rampage Will+}
 32257 | Spider:4 | Got a gossamer rune of Zot
 32639 | Shoals:1 | Entered Level 1 of the Shoals
 32687 | Shoals:1 | Your damage rating with your +5 executioner's axe of
                  | protection {axerare=g} is about 56 (Base 18 x 160% (Str) x
                  | 177% (Skill) + 5 (Ench)).
 32714 | Shoals:1 | HP: 33/147 [merfolk collision (7)]
 32716 | Shoals:1 | HP: 15/147 [water elemental[a merfolk aquamancer] (8)]
 32720 | Shoals:1 | Slain by a merfolk

Vanquished Creatures
  Gastronok (D:8)
  An orc warlord (Orc:2)
  4 ghost moths
  4 emperor scorpions
  A broodmother (Spider:3)
  A minotaur (Gauntlet)
  5 spark wasps
  An ettin (D:15)
  5 hydras
  5 entropy weavers
  A fire dragon (D:13)
  A vault guard (D:13)
  2 radroaches
  A hell beast (Gauntlet)
  A great orb of eyes (D:13)
  2 boulder beetles
  2 centaur warriors
  2 catoblepae (Lair:5)
  2 jorogumos
  3 tengu warriors (D:15)
  A death scarab (Spider:1)
  A merfolk aquamancer (Shoals:1)
  2 two-headed ogres
  A deep troll shaman (Lair:5)
  13 death yaks
  An orc high priest (Orc:2)
  6 pharaoh ants
  5 skeletal warriors (D:15)
  8 orb spiders
  A sun moth (Spider:4)
  3 deep trolls (D:15)
  5 steelbarb worms
  Pikel (D:8)
  5 orc knights
  A necromancer (D:15)
  2 wizards (D:15)
  2 deep elf pyromancers
  25 ugly things
  17 wolf spiders
  2 manticores
  4 cyclopes
  5 moths of wrath
  3 orc sorcerers (Orc:2)
  Maurice (Orc:2)
  13 elephants (Lair:5)
  A merfolk siren (Lair:3)
  6 black mambas
  A water nymph (Shoals:1)
  3 torpor snails
  2 gargoyles (D:12)
  6 cane toads
  6 demonic crawlers
  A kobold demonologist (D:12)
  A rime drake (Lair:4)
  6 komodo dragons
  A rime drake (shapeshifter) (D:13)
  2 tengu conjurers
  A guardian mummy (D:12)
  A meliai (shapeshifter) (D:13)
  11 trolls
  A troll (shapeshifter) (D:14)
  A polar bear (Lair:5)
  4 meliai
  6 hornets
  A merfolk (Shoals:1)
  22 tarantellas
  5 blink frogs (Lair:4)
  11 slime creatures
  6 dream sheep (Lair:5)
  19 jumping spiders
  5 shadows
  22 culicivoras
  A water elemental (Shoals:1)
  3 wraiths
  A yak (shapeshifter) (D:13)
  15 yaks
  A vampire (D:13)
  5 wyverns
  5 basilisks
  2 steam dragons (D:8)
  9 vampire mosquitoes
  44 redbacks
  5 wargs
  Grum (D:8)
  Edmund (D:6)
  An acid dragon (D:10)
  13 water moccasins
  2 hell hounds (Gauntlet)
  31 orc warriors
  An ice beast (D:4)
  2 sky beasts
  3 black bears
  8 ogres
  14 wolves
  7 centaurs
  2 phantoms
  3 kobold brigands
  12 bullfrogs
  Blork the orc (D:6)
  2 scorpions
  A necrophage (D:5)
  A gnoll sergeant (D:7)
  5 wights (D:9)
  8 killer bees
  9 jellies
  9 electric eels
  5 howler monkeys
  3 gnoll boudas
  6 hounds
  20 orc priests
  4 iguanas
  Terence (D:3)
  Natasha (thrice) (D:3)
  27 orc wizards
  Robin (D:3)
  8 adders
  20 gnolls
  3 shadow imps
  2 white imps
  4 worms
  2 dart slugs (D:1)
  61 orcs
  5 bats
  21 endoplasms
  2 giant cockroaches (D:2)
  8 hobgoblins
  4 jackals (D:1)
  17 kobolds
  5 quokkas
  7 ball pythons
  6 frilled lizards
  17 goblins
  7 rats
822 creatures vanquished.

Vanquished Creatures (collateral kills)
  Rupert (Orc:2)
1 creature vanquished.

Vanquished Creatures (others)
  A merfolk (Shoals:1)
  A demonic plant (Gauntlet)
  14 fungi
  51 plants
67 creatures vanquished.

Grand Total: 890 creatures vanquished

Table legend:
 A = Non-vault XP
 B = Vault XP
 C = Vault XP percentage of total XP
 D = Non-vault monster count
 E = Vault monster count
 F = Vault count percentage of total count
                 A         B        C        D         E       F
            +---------+---------+-------+---------+---------+-------
      Total |  150092 |   56074 |  27.2 |     609 |     215 |  26.1
            +---------+---------+-------+---------+---------+-------
        D:1 |      51 |       0 |   0.0 |      29 |       0 |   0.0
        D:2 |      35 |       4 |  10.3 |      16 |       2 |  11.1
        D:3 |     178 |     125 |  41.3 |      21 |      17 |  44.7
        D:4 |     796 |      14 |   1.7 |      23 |       2 |   8.0
        D:5 |     461 |      52 |  10.1 |       7 |       2 |  22.2
        D:6 |    1355 |     674 |  33.2 |      44 |       6 |  12.0
        D:7 |    2119 |     349 |  14.1 |      22 |       2 |   8.3
        D:8 |     770 |    4528 |  85.5 |      11 |      31 |  73.8
        D:9 |    1800 |     459 |  20.3 |      16 |      21 |  56.8
       D:10 |    1978 |     419 |  17.5 |      27 |       2 |   6.9
       D:11 |    2871 |     657 |  18.6 |      13 |       9 |  40.9
       D:12 |    5534 |     325 |   5.5 |      17 |       1 |   5.6
       D:13 |    5316 |    3818 |  41.8 |      15 |       6 |  28.6
       D:14 |    9837 |       0 |   0.0 |      20 |       0 |   0.0
       D:15 |   14696 |    4343 |  22.8 |      28 |       6 |  17.6
     Lair:1 |    3158 |     537 |  14.5 |      17 |       2 |  10.5
     Lair:2 |    1969 |    1371 |  41.0 |      10 |       7 |  41.2
     Lair:3 |    8175 |     466 |   5.4 |      22 |       1 |   4.3
     Lair:4 |    2180 |       0 |   0.0 |       9 |       0 |   0.0
     Lair:5 |   16418 |    7721 |  32.0 |      34 |      16 |  32.0
   Shoals:1 |    1976 |       0 |   0.0 |       5 |       0 |   0.0
   Spider:1 |   18851 |       0 |   0.0 |      47 |       0 |   0.0
   Spider:2 |   21069 |       0 |   0.0 |      56 |       0 |   0.0
   Spider:3 |   15096 |       0 |   0.0 |      34 |       0 |   0.0
   Spider:4 |    9935 |   16385 |  62.3 |      23 |      35 |  60.3
      Orc:1 |    1633 |       0 |   0.0 |      23 |       0 |   0.0
      Orc:2 |    1835 |   10807 |  85.5 |      20 |      39 |  66.1
   Gauntlet |       0 |    3020 | 100.0 |       0 |       8 | 100.0
            +---------+---------+-------+---------+---------+-------

Illustrated notes

Table legend:
 A = Kills in this place as a percentage of kills in entire the game.
 B = Kills by you in this place as a percentage of kills by you in the entire game.
 C = Kills by friends in this place as a percentage of kills by friends in the entire game.
 D = Other kills in this place as a percentage of other kills in the entire game.
 E = Experience gained in this place as a percentage of experience gained in the entire game.
 F = Experience gained in this place divided by the number of levels of this place that you have seen.
                   A       B       C       D       E      F
               +-------+-------+-------+-------+-------+----------------------
         Total | 100.0 | 100.0 | 100.0 | 100.0 | 100.0 | 6872.2
       Dungeon |  50.5 |  50.6 |   0.0 |   0.0 |  30.8 | 4237.6
          Lair |  14.3 |  14.4 |   0.0 |   0.0 |  20.4 | 8399.0
        Shoals |   0.6 |   0.5 |   0.0 | 100.0 |   1.0 | 1976.0
   Spider Nest |  23.7 |  23.7 |   0.0 |   0.0 |  39.5 | 20334.0
  Orcish Mines |  10.0 |   9.9 | 100.0 |   0.0 |   6.9 | 7137.5
      Gauntlet |   1.0 |   1.0 |   0.0 |   0.0 |   1.5 | 3020.0
               +-------+-------+-------+-------+-------+----------------------

Table legend: (Time is in decaauts)
 A = Elapsed time spent in this place.
 B = Non-inter-level travel time spent in this place.
 C = Inter-level travel time spent in this place.
 D = Time resting spent in this place.
 E = Time spent auto-exploring this place.
 F = Levels seen in this place.
 G = Mean time per level.
                   A        B        C        D        E       F      G
               +--------+--------+--------+--------+--------+-----+--------+
         Total |  31224 |  28877 |   2347 |   6875 |  16772 |  30 | 1040.8 |
       Dungeon |  17114 |  15498 |   1616 |   2984 |   9688 |  15 | 1140.9 |
        Temple |     38 |     28 |     10 |      0 |      4 |   1 |   38.0 |
          Lair |   6111 |   5729 |    382 |   1081 |   3977 |   5 | 1222.2 |
        Shoals |     73 |     73 |      0 |      0 |      0 |   1 |   73.0 |
   Spider Nest |   5043 |   4852 |    191 |   1883 |   2090 |   4 | 1260.8 |
  Orcish Mines |   2307 |   2162 |    145 |    876 |    874 |   2 | 1153.5 |
         Trove |     48 |     48 |      0 |      0 |      0 |   1 |   48.0 |
      Gauntlet |    488 |    488 |      0 |     49 |    137 |   1 |  488.0 |
               +--------+--------+--------+--------+--------+-----+--------+

Top non-repeatable levels by time:
Spider:1: 2403 daAuts
     D:3: 2041 daAuts
     D:8: 1921 daAuts
     D:6: 1876 daAuts
   Orc:2: 1629 daAuts
  Lair:4: 1392 daAuts
  Lair:2: 1336 daAuts
    D:11: 1297 daAuts
  Lair:1: 1180 daAuts
    D:15: 1156 daAuts
     D:5: 1150 daAuts
  Lair:3: 1131 daAuts
Spider:4: 1122 daAuts
     D:2: 1093 daAuts
  Lair:5: 1070 daAuts
